 Dungeon Crawl Stone Soup version 0.27-a0-1312-g5cdb2b3542 (webtiles) character file.

Game seed: 9440268512707277614

8416 EiAlmux the Fighter (level 11, 0/99 HPs)
             Began as a Minotaur Fighter on June 20, 2021.
             Was the Champion of the Shining One.
             Slain by a death yak (16 damage)
             ... on level 11 of the Dungeon.
             The game lasted 00:23:33 (9764 turns).

EiAlmux the Fighter (Minotaur Fighter)              Turns: 9764, Time: 00:23:34

Health: 0/99       AC: 15    Str: 31    XL:     11   Next: 9%
Magic:  13/13      EV:  9    Int:  5    God:    the Shining One [******]
Gold:   915        SH: 12    Dex:  9    Spells: 10/10 levels left

rFire    . . .     SeeInvis .   G - +2 hand axe (flame)
rCold    + . .     Faith    .   c - +0 kite shield
rNeg     + + +     Spirit   .   x - +4 scale mail of Xyxke {Fly Will+}
rPois    .         Reflect  .   (helmet restricted)
rElec    .         Harm     .   y - +0 cloak
rCorr    .         Rampage  .   j - +0 pair of gloves
Will     +....                  (no boots)
Stlth    +.........             (no amulet)
HPRegen  0.26/turn              N - +6 ring of strength
MPRegen  0.13/turn              s - ring of protection from cold

@: flying, hasted, glowing, very quick
A: horns 2, retaliatory headbutt, deterioration 1, passive freeze, subdued magic
1
a: Renounce Religion, Divine Shield, Cleansing Flame, Summon Divine Warrior,
Brand Weapon With Holy Wrath


You were on level 11 of the Dungeon.
You worshipped the Shining One.
The Shining One was exalted by your worship.
You visited 1 branch of the dungeon, and saw 11 of its levels.
You also visited: Ossuary.

You collected 915 gold pieces.

Inventory:

Hand Weapons
 o - a +2 flail of protection
 v - the +7 hunting sling "Pontem" {vorpal, Str+2}
   (You found it on level 4 of the Dungeon)

   Any stone fired from it inflicts extra damage.
   It affects your strength (+2).
 D - a +1 mace of venom
 G - a +2 hand axe of flaming (weapon)
 L - a +1 halberd of flaming
 P - a +2 flail of distortion
 Q - a +2 hand axe of venom
Missiles
 r - 2 throwing nets
 H - 141 stones (quivered)
Armour
 b - a +0 scale mail
 c - a +0 kite shield (worn)
 j - a +0 pair of gloves (worn)
 p - a +0 chain mail
 x - the +4 scale mail of Xyxke (worn) {Fly Will+}
   (You found it on level 4 of the Dungeon)

   It grants you flight.
   It increases your willpower.
 y - a +0 cloak (worn)
 B - a +0 ring mail of fire resistance
 O - a +0 pair of boots
Jewellery
 a - a ring of ice
 s - a ring of protection from cold (right hand)
 F - a ring of magical power
 N - a +6 ring of strength (left hand)
Wands
 n - a wand of mindburst (9)
 M - a wand of polymorph (10)
Scrolls
 e - a scroll of fear {unknown}
 f - 2 scrolls of enchant weapon {unknown}
 h - 3 scrolls of noise
 i - 2 scrolls of enchant armour
 k - 4 scrolls of fog
 q - a scroll of immolation
 t - 3 scrolls of amnesia
 u - a scroll of brand weapon {unknown}
 z - a scroll of summoning {unknown}
 C - a scroll of magic mapping
 J - 5 scrolls of teleportation {unknown}
 R - a scroll of acquirement {unknown}
Potions
 d - a potion of might
 g - a potion of cancellation {unknown}
 l - 4 potions of heal wounds
 m - 3 potions of brilliance
 w - 5 potions of curing
 A - 3 potions of mutation
 I - a potion of flight
 K - a potion of resistance
 S - a potion of magic


   Skills:
 + Level 9.7 Fighting
 + Level 3.1(6.7) Axes
 + Level 9.3(9.6) Maces & Flails
 + Level 9.7 Armour
 - Level 4.0 Stealth
 + Level 9.6 Shields
 + Level 4.1 Unarmed Combat
 + Level 5.2 Invocations


You had 10 spell levels left.
You didn't know any spells.
Your spell library contained the following spells:

 Spells                   Type           Power      Damage    Failure   Level
 Animate Skeleton         Necr           0%         N/A       87%         1
 Apportation              Tloc           0%         N/A       87%         1
 Corona                   Hex            0%         N/A       87%         1
 Freeze                   Ice            0%         1d3       87%         1
 Magic Dart               Conj           0%         1d3       87%         1
 Pain                     Necr           0%         1d4       87%         1
 Summon Small Mammal      Summ           0%         N/A       87%         1
 Ensorcelled Hibernation  Hex/Ice        0%         N/A       95%         2
 Searing Ray              Conj           0%         3d3       95%         2
 Confusing Touch          Hex            0%         N/A       99%         3
 Dazzling Flash           Conj/Hex       0%         N/A       99%         3
 Frozen Ramparts          Ice            0%         1d2       99%         3
 Ignite Poison            Fire/Tmut/Pois 0%         N/A       99%         3
 Ozocubu's Armour         Ice            0%         N/A       99%         3
 Tukima's Dance           Hex            0%         N/A       99%         3
 Vampiric Draining        Necr           0%         2d6       99%         3
 Animate Dead             Necr           0%         N/A       100%        4
 Fulminant Prism          Conj/Hex       0%         3d6       100%        4
 Hailstorm                Conj/Ice       0%         3d3       100%        4
 Iskenderun's Mystic Bla  Conj/Tloc      0%         2d3       100%        4
 Agony                    Necr           0%         N/A       100%        5
 Fireball                 Conj/Fire      0%         3d3       100%        5
 Metabolic Englaciation   Hex/Ice        0%         N/A       100%        5
 Starburst                Conj/Fire      0%         8x6d3     100%        6
 Ignition                 Fire           0%         3d3       100%        8


Dungeon Overview and Level Annotations

Branches:
Dungeon (11/15)            Temple (0/1) D:6             Orc (0/2) D:9
Ossuary (visited)
   Lair: D:8-11

Altars:
Ashenzari
Cheibriados
Nemelex Xobeh
Qazlal
The Shining One

Shops:
D:1 =   D:3 [


Innate Abilities, Weirdness & Mutations

You have a pair of horns on your head.
You reflexively headbutt those who attack you in melee.
Your body sometimes deteriorates upon taking damage.
A frigid envelope surrounds you and freezes all who hurt you.
Your spells are a little easier to cast, but a little less powerful.


Message History

* * * LOW HITPOINT WARNING * * *
The death yak gores you!
* * * LOW HITPOINT WARNING * * *
The centaur warrior zombie barely misses you.
You furiously retaliate!
You headbutt the centaur warrior zombie.
The centaur warrior zombie kicks you but does no damage.
The manticore closely misses you.
The manticore claws you but does no damage.
You block the manticore's attack. You block the death yak's attack.
The barbs in your skin will harm you if you move.
Continue?
Okay, then.
Really quaff the potion of mutation?
You feel extremely strange.
You feel yourself wasting away.
Your skin feels very cold.
Your connection to magic feels subdued.
You block the komodo dragon's attack.
The centaur warrior zombie hits you but does no damage.
The centaur warrior zombie resists.
The centaur warrior zombie is very cold.
The centaur warrior zombie is lightly damaged.
The centaur warrior zombie barely misses you.
You block the death yak's attack. The manticore bites you.
* * * LOW HITPOINT WARNING * * *
The manticore is very cold.
The manticore is lightly wounded.
The manticore claws you.
* * * LOW HITPOINT WARNING * * *
The manticore is very cold.
The manticore is lightly wounded.
You block the manticore's attack.
You hit the manticore but do no damage.
The manticore is lightly wounded.
You hit the komodo dragon but do no damage.
You hit the centaur warrior zombie. You burn the centaur warrior zombie.
You hit the death yak. You burn the death yak.
You hit the death yak but do no damage.
You carefully extract the barbed spikes from your body.
The death yak gores you!
You die...

.... ...
.... ...
....Y ...
.....##.####
...........#
.....§§§§§.#
.....§YYZ§.#
.....§H@§§#
.....§§l§§#
......§§§§#
.........##
.........#
........##
........#
........#


You could see 2 death yaks, a manticore, a komodo dragon and a centaur warrior
zombie.

Vanquished Creatures
  A centaur warrior (D:9)
  2 wizards (D:9)
  A cyclops (D:9)
  A manticore (D:8)
  Joseph (D:7)
  A komodo dragon (D:10)
  Prince Ribbit (D:4)
  A slime creature (D:9)
  2 shadows (D:9)
  A hog (shapeshifter) (D:9)
  4 yaks (D:8)
  A steam dragon (D:6)
  2 water moccasins
  Duvessa (D:7)
  A two-headed ogre zombie (D:9)
  A sky beast (D:8)
  An orc warrior (D:8)
  An ice beast (D:6)
  A black bear (D:5)
  2 necrophages
  A centaur (D:5)
  3 phantoms
  4 bullfrogs
  A wyvern zombie (D:8)
  A scorpion (D:5)
  2 troll zombies (D:9)
  Dowan (D:7)
  2 killer bees (D:9)
  7 wights
  3 howler monkeys (D:9)
  7 crimson imps (D:7)
  A bullfrog zombie (D:5)
  A centaur zombie (D:9)
  3 hounds
  2 jellies
  11 orc priests
  3 bullfrog skeletons
  Crazy Yiuf (D:5)
  3 iguanas
  10 orc wizards
  A killer bee zombie (D:7)
  5 ogre zombies (D:9)
  A hound skeleton (D:5)
  8 mummies (Ossuary)
  A howler monkey zombie (D:9)
  3 gnolls (D:2)
  2 adders
  4 white imps
  An ufetubus (D:4)
  A dart slug (D:1)
  31 orcs
  7 ball pythons
  6 endoplasms
  4 giant cockroaches
  8 goblins
  11 hobgoblins
  4 jackals (D:1)
  11 kobolds
  2 quokkas
  2 bats (D:1)
  2 frilled lizards
  3 gnoll zombies (Ossuary)
  A goblin skeleton (D:9)
  2 goblin zombies (D:9)
  A hobgoblin skeleton (D:9)
  5 hobgoblin zombies
  3 kobold zombies (Ossuary)
  4 orc skeletons (D:9)
  14 orc zombies (D:9)
  4 rats
246 creatures vanquished.

Vanquished Creatures (others)
  5 plants (D:10)
5 creatures vanquished.

Grand Total: 251 creatures vanquished

Notes
Turn   | Place    | Note
-------+----------+-------------------------------------------
     0 | D:1      | EiAlmux the Minotaur Fighter began the quest for the Orb.
     0 | D:1      | Reached XP level 1. HP: 19/19 MP: 0/0
   143 | D:1      | Found Tumm's Jewellery Shop.
   150 | D:1      | Reached XP level 2. HP: 27/27 MP: 1/1
   442 | D:1      | Reached skill level 1 in Stealth
   474 | D:1      | Found a faded altar of an unknown god.
   587 | D:1      | Reached XP level 3. HP: 25/33 MP: 2/2
  1485 | D:2      | Reached XP level 4. HP: 33/40 MP: 3/3
  1854 | D:3      | Noticed an ice beast
  1915 | D:3      | Found Xorchuarch's Antique Armour Shoppe.
  2148 | D:4      | Identified the +7 hunting sling "Pontem" {vorpal, Str+2}
  2196 | D:4      | Identified the +4 scale mail of Xyxke {Fly Will+}
  2307 | D:4      | Reached XP level 5. HP: 41/47 MP: 4/4
  2373 | D:4      | Found a sparkling altar of Nemelex Xobeh.
  2381 | D:4      | Found a glowing golden altar of the Shining One.
  2384 | D:4      | Found a broken altar of Ashenzari.
  2403 | D:4      | Became a worshipper of the Shining One
  2657 | D:4      | Found a snail-covered altar of Cheibriados.
  2864 | D:5      | Entered Level 5 of the Dungeon
  2873 | D:5      | Noticed Prince Ribbit
  2884 | D:5      | The Shining One protects you from harm!
  3316 | D:4      | Killed Prince Ribbit
  3317 | D:4      | Reached XP level 6. HP: 30/55 MP: 5/5
  3471 | D:5      | Reached skill level 5 in Fighting
  3471 | D:5      | Reached skill level 5 in Armour
  3482 | D:5      | Reached skill level 5 in Shields
  3790 | D:5      | Reached XP level 7. HP: 57/61 MP: 6/6
  4038 | D:5      | Reached skill level 5 in Maces & Flails
  4183 | D:5      | Reached * piety under the Shining One
  4188 | D:5      | Reached XP level 8. HP: 70/70 MP: 7/7
  4616 | D:5      | Found a runed translucent door.
  4617 | D:5      | Noticed Crazy Yiuf
  4733 | D:5      | Killed Crazy Yiuf
  4843 | D:6      | Found a staircase to the Ecumenical Temple.
  5051 | D:6      | Reached skill level 1 in Invocations
  5795 | D:7      | Reached XP level 9. HP: 76/79 MP: 9/9
  5796 | D:7      | Reached ** piety under the Shining One
  5953 | D:7      | Found a sand-covered staircase.
  5963 | Ossuary  | Entered an ossuary
  6177 | Ossuary  | Reached *** piety under the Shining One
  6328 | D:7      | Noticed Duvessa
  6328 | D:7      | Noticed Dowan
  6332 | D:7      | Killed Dowan
  6340 | D:7      | Killed Duvessa
  6392 | D:7      | Noticed Joseph
  6420 | D:7      | Killed Joseph
  7056 | D:7      | Reached **** piety under the Shining One
  7379 | D:8      | Noticed a manticore
  7400 | D:8      | Killed a manticore
  7401 | D:8      | Reached XP level 10. HP: 39/90 MP: 10/12
  7688 | D:8      | Reached skill level 1 in Unarmed Combat
  7866 | D:8      | Found a stormy altar of Qazlal.
  8510 | D:9      | Found a staircase to the Orcish Mines.
  8510 | D:9      | Reached ***** piety under the Shining One
  8977 | D:9      | Reached skill level 1 in Axes
  8981 | D:9      | Reached ****** piety under the Shining One
  9129 | D:9      | Noticed a centaur warrior
  9130 | D:9      | Noticed a cyclops
  9143 | D:9      | Killed a centaur warrior
  9144 | D:9      | Reached skill level 5 in Invocations
  9154 | D:9      | Killed a cyclops
  9184 | D:9      | Noticed a wizard
  9190 | D:9      | Noticed a wizard
  9193 | D:9      | Killed a wizard
  9201 | D:9      | Killed a wizard
  9202 | D:9      | Reached XP level 11. HP: 74/99 MP: 13/13
  9246 | D:9      | The Shining One protects you from harm!
  9249 | D:10     | Entered Level 10 of the Dungeon
  9754 | D:11     | Noticed a death yak
  9754 | D:11     | Noticed a death yak
  9758 | D:11     | Noticed a death yak
  9763 | D:11     | Gained mutation: Your body sometimes deteriorates upon
                  | taking damage. [potion of mutation]
  9763 | D:11     | Gained mutation: A frigid envelope surrounds you and
                  | freezes all who hurt you. [potion of mutation]
  9763 | D:11     | Gained mutation: Your spells are a little easier to cast,
                  | but a little less powerful. [potion of mutation]
  9764 | D:11     | Slain by a death yak

Illustrated notes

Levels and vault maps discovered:
D:1:      heliophobic_arrival_battle_scene, layout_loops_ring,
          chequers_ecumenical_altar_simple_redux, serial_shops,
          nicolae_shop_stone, minmay_misc_feat_rugged, minivault_19
D:2:      layout_loops_ring
D:3:      layout_rooms, serial_shops, shop, uniq_grinder
D:4:      layout_cave_pools, minmay_overflow_temple_star_quad,
          lemuel_coloured_pillars_altar
D:5:      layout_gridville, uniq_crazy_yiuf_cottage, uniq_prince_ribbit1
D:6:      layout_rooms, temple_fountains
D:7:      layout_rooms, enter_ossuary_1, minmay_nine_imps, uniq_joseph,
          uniq_duvessa
D:8:      layout_basic, nicolae_qazlal_eye_of_the_storm
D:9:      hangedman_cross_veins, layout_long_grid,
          nicolae_wu_jian_glorious_leap, zombieorc2_lemuel, minivault_23
D:10:     minmay_the_grid_triangle_9x9_rhombus_full
          [minmay_the_grid_triangle_9x9_dagger,
          minmay_the_grid_triangle_9x9_tough_junction,
          minmay_the_grid_triangle_9x9_from_above,
          minmay_the_grid_triangle_9x9_shrine,
          minmay_the_grid_triangle_9x9_corruption,
          minmay_the_grid_triangle_9x9_longest,
          minmay_the_grid_triangle_9x9_minimal,
          minmay_the_grid_triangle_9x9_prize_special], layout_stronghold,
          minmay_lizard_king, uniq_josephine
D:11:     layout_cave_pods, dpeg_lair_monsters

Skill      XL: |  1  2  3  4  5  6  7  8  9 10 11 |
---------------+----------------------------------+-----
Stealth        | 1 2 3 4 |  4.0
Fighting       | 4 5 6 7 8 9 |  9.7
Shields        | 4 5 7 8 9 |  9.6
Armour         | 4 5 6 7 8 9 |  9.7
Maces & Flails | 3 4 5 6 8 9 |  9.3
Invocations    | 1 4 5 |  5.2
Unarmed Combat | 3 4 |  4.1
Axes           | 2 3 |  3.1

Action                   |  1- 3 |  4- 6 |  7- 9 | 10-12 || total
-------------------------+-------+-------+-------+-------++-------
Melee: Flail             |   110 |   113 |   310 |   106 ||   639
       Headbutt          |    14 |    16 |    65 |    49 ||   144
       Hand axe          |       |       |       |   103 ||   103
  Use: Potion            |       |       |     2 |     3 ||     5
       Scroll            |       |       |     8 |     5 ||    13
Armor: Scale mail        |    48 |    46 |   159 |    78 ||   331
       Chain mail        |    10 |    26 |       |       ||    36
Dodge: Dodged            |    38 |    28 |   104 |    54 ||   224
Block: Kite shield       |    67 |    65 |   182 |   115 ||   429

Table legend: (Time is in decaauts)
 A = Elapsed time spent in this place.
 B = Non-inter-level travel time spent in this place.
 C = Inter-level travel time spent in this place.
 D = Time resting spent in this place.
 E = Time spent auto-exploring this place.
 F = Levels seen in this place.
 G = Mean time per level.
                   A        B        C        D        E       F      G
               +--------+--------+--------+--------+--------+-----+--------+
         Total |   9961 |   9516 |    445 |   1045 |   6598 |  12 |  830.1 |
       Dungeon |   9605 |   9160 |    445 |   1045 |   6340 |  11 |  873.2 |
       Ossuary |    356 |    356 |      0 |      0 |    258 |   1 |  356.0 |
               +--------+--------+--------+--------+--------+-----+--------+

Top non-repeatable levels by time:
     D:5: 1603 daAuts
     D:4: 1436 daAuts
     D:8: 1420 daAuts
     D:2: 1050 daAuts
     D:7: 973 daAuts
     D:1: 892 daAuts
     D:9: 783 daAuts
     D:6: 759 daAuts
    D:10: 505 daAuts
 Ossuary: 356 daAuts
     D:3: 170 daAuts
    D:11: 9 daAuts
